Map: Eternal Empire LE

Players

Vanya - Winner!

  • Race: Zerg Zerg
  • League: Master
  • Spawn Location: 1:00

LiquidMaNa (MaNa)

  • Race: Protoss Protoss
  • League: Grandmaster
  • Spawn Location: 7:00

Event: DreamHack SC2 Masters 2020 Summer Europe

VOD

Have the link to the VOD?

Description

Time

  • Played on: July 10, 2020, 9:21 a.m.
  • Length: 10:14

All games in this series

Show
View Real Time Build Order
Export as new Build Order

Vanya Zerg - Winner!

Build Orders: Hatch First, Muta Ling Bane 

Get SALT Encoding   

  12  0:01  Drone  
  13  0:13  Overlord  
  13  0:16  Drone  
  14  0:31  Drone x2  
  16  0:43  Drone  
  17  0:51  Hatchery  
  17  0:55  Drone  
  17  0:58  Drone  
  18  1:09  Extractor  
  17  1:14  Spawning Pool  
  17  1:17  Drone  
  17  1:19  Drone  
  18  1:29  Drone  
  19  1:39  Overlord  
  19  1:53  Drone  
  20  2:00  Queen  
  22  2:02  Zergling x2  
  22  2:03  Queen  
  22  2:04  Zergling x2  
  26  2:12  Drone, Metabolic Boost  
  27  2:16  Drone  
  28  2:24  Drone  
  28  2:28  Drone  
  30  2:38  Hatchery  
  30  2:41  Drone  
  30  2:48  Queen  
  32  2:53  Overlord  
  32  2:56  Drone  
  32  2:57  Drone  
  34  3:00  Drone  
  34  3:04  Drone  
  36  3:17  Drone  
  36  3:18  Drone x4  
  41  3:23  Overlord  
  41  3:26  Drone  
  42  3:31  Drone  
  43  3:34  Roach Warren  
  43  3:35  Extractor  
  43  3:39  Drone, Spore Crawler  
  43  3:41  Drone  
  42  3:45  Queen  
  42  3:48  Drone x3  
  47  3:51  Drone  
  47  3:55  Drone  
  49  4:03  Drone x2  
  49  4:08  Zergling x6  
  53  4:11  Overlord x2  
  53  4:14  Roach x2  
  57  4:25  Spore Crawler  
  57  4:26  Spore Crawler  
  57  4:28  Drone x2  
  57  4:29  Lair  
  57  4:30  Drone x2  
  59  4:31  Drone x2  
  59  4:33  Drone  
  59  4:36  Drone  
  63  4:39  Drone x2  
  63  4:40  Drone  
  66  4:46  Extractor  
  66  4:47  Evolution Chamber  
  66  4:48  Extractor  
  66  4:51  Drone  
  66  4:52  Drone x2  
  61  4:59  Drone x5  
  65  5:08  Overlord, Extractor  
  65  5:10  Drone x4  
  65  5:13  Drone x2  
  70  5:20  Zerg Melee Weapons Level 1  
  70  5:25  Extractor  
  70  5:27  Drone x3  
  70  5:28  Spire  
  71  5:29  Drone  
  71  5:32  Drone  
  71  5:35  Overseer  
  73  5:41  Glial Reconstitution, Overlord  
  73  5:53  Hatchery  
  73  5:54  Drone x3  
  73  6:00  Drone x5  
  73  6:02  Drone x2  
  80  6:05  Drone  
  80  6:06  Overlord  
  81  6:12  Overlord  
  78  6:20  Zergling x8  
  78  6:23  Overlord  
  82  6:27  Drone x4  
  86  6:45  Mutalisk x10  
  104  6:48  Overlord  
  104  6:56  Overlord  
  104  6:58  Drone  
  104  7:00  Overlord, Baneling Nest  
  104  7:05  Overlord  
  104  7:06  Roach x3  
  110  7:11  Roach x4  
  110  7:14  Overlord  
  118  7:18  Roach x2  
  121  7:23  Overlord  
  121  7:25  Roach x3  
  121  7:27  Ravager x5  
  134  7:30  Roach  
  134  7:33  Ravager x2  
  134  7:34  Zergling x8  
  140  7:39  Roach x3  
  140  7:41  Overlord  
  144  7:44  Overlord  
  144  7:48  Zergling x8  
  136  8:04  Drone  
  137  8:06  Centrifical Hooks, Drone  
  137  8:10  Baneling x10, Hatchery  
  137  8:15  Queen  
  137  8:18  Drone x5  
  144  8:20  Ravager  
  144  8:24  Zergling x10  
  150  8:28  Overlord  
  150  8:45  Baneling x7  
  150  8:46  Zergling x18  
  151  8:59  Ravager x5  
  151  9:00  Ravager, Zergling x14  
  158  9:06  Zergling x2  
  158  9:07  Zergling x2  
  154  9:10  Zergling x2  
  154  9:11  Baneling x4  
  154  9:13  Zergling x2  
  154  9:15  Ravager x2  
  154  9:16  Baneling x4  
  158  9:17  Zergling x2  
  158  9:19  Baneling  
  158  9:20  Baneling x5  
  158  9:21  Zergling x6  
  162  9:24  Queen  
  162  9:25  Zergling x8  
  162  9:27  Baneling x5  
  167  9:38  Zergling x12  
  150  9:43  Zergling x4  
  140  9:48  Roach x2, Zergling x4  
  140  9:51  Roach x2, Zergling x2  
Show
View Real Time Build Order
Export as new Build Order

LiquidMaNa Protoss 

Build Orders: 1 Gate Expand, Oracle Opening, Zealot Archon 

Get SALT Encoding   

  12  0:00  Probe  
  13  0:12  Probe  
  14  0:19  Pylon  
  14  0:24  Probe  
  15  0:33  Probe  
  15  0:42  Probe  
  16  0:44  Gateway  
  17  0:50  Assimilator  
  17  0:52  Probe  
  18  1:00  Probe  
  18  1:09  Probe  
  20  1:28  Nexus  
  20  1:39  Cybernetics Core  
  20  1:40  Probe  
  21  1:49  Assimilator  
  21  1:53  Probe  
  22  2:00  Pylon  
  22  2:05  Probe  
  23  2:09  Adept  
  23  2:16  Warp Gate  
  23  2:18  Probe  
  26  2:26  Stargate  
  26  2:29  Stalker  
  26  2:30  Probe  
  27  2:39  Probe  
  27  2:42  Probe  
  31  2:51  Probe  
  31  2:54  Probe  
  33  2:59  Oracle  
  33  3:03  Probe  
  34  3:06  Probe  
  34  3:09  Gateway  
  38  3:15  Probe  
  38  3:18  Probe  
  38  3:19  Adept  
  42  3:24  Pylon  
  42  3:28  Probe  
  42  3:30  Probe  
  42  3:33  Oracle  
  44  3:40  Probe  
  45  3:42  Probe  
  45  3:43  Assimilator  
  49  3:52  Probe  
  49  3:54  Probe  
  51  3:57  Pylon  
  51  4:04  Adept, Probe  
  51  4:07  Assimilator  
  54  4:15  Probe  
  54  4:17  Probe  
  56  4:18  Robotics Facility  
  56  4:28  Probe  
  56  4:29  Nexus, Probe  
  58  4:35  Sentry, Forge  
  58  4:36  Sentry  
  62  4:40  Pylon  
  62  4:43  Pylon  
  62  4:58  Probe x2  
  62  4:59  Observer  
  64  5:03  Adept x2  
  64  5:06  Protoss Ground Weapons Level 1  
  69  5:07  Shield Battery  
  69  5:10  Probe x2  
  71  5:14  Immortal  
  71  5:22  Twilight Council, Probe x2  
  71  5:28  Pylon  
  77  5:34  Probe  
  78  5:40  Probe  
  79  5:43  Probe  
  79  5:46  Probe  
  79  5:47  Immortal  
  81  5:52  Probe  
  81  5:55  Gateway x2  
  86  5:57  Probe  
  86  5:58  Probe  
  86  6:02  Charge  
  88  6:08  Templar Archives  
  88  6:09  Probe x2  
  88  6:10  Probe  
  91  6:19  Warp Prism  
  91  6:23  Probe x2  
  90  6:28  Gateway  
  90  6:29  Gateway  
  90  6:32  Probe, Pylon  
  93  6:34  Assimilator  
  93  6:35  Probe x2  
  93  6:36  Assimilator  
  93  6:39  Observer  
  95  6:46  High Templar x2  
  99  6:49  Pylon  
  99  6:50  High Templar x2  
  99  6:51  Pylon  
  103  6:55  Archon x2  
  103  7:00  Immortal  
  107  7:16  Gateway  
  107  7:17  Gateway  
  107  7:18  Protoss Ground Weapons Level 2  
  107  7:21  Phoenix  
  107  7:22  Gateway  
  107  7:24  Gateway  
  107  7:25  Zealot x6  
  107  7:28  Shield Battery  
  110  7:50  Stalker x6  
  109  7:56  Probe  
  98  7:58  Probe  
  98  7:59  Probe  
  98  8:00  Phoenix  
  98  8:08  Probe  
  98  8:09  Probe x2  
  103  8:16  Probe  
  103  8:17  Probe x2  
  103  8:24  Probe  
  103  8:25  Probe x2  
  103  8:26  Shield Battery  
  106  8:27  Phoenix  
  106  8:30  Sentry  
  108  8:35  Probe  
  108  8:37  Probe x2  
  102  8:47  Probe  
  103  8:49  Probe x2  
  105  8:59  Phoenix, Probe  
  105  9:00  Probe x2  
  105  9:01  High Templar  
  105  9:02  High Templar x3  
  116  9:06  Archon x2  
  116  9:07  Probe  
  116  9:09  Probe x2  
  116  9:15  Probe  
  119  9:17  Probe x2  
  119  9:23  Oracle  
  122  9:27  Probe  
  112  9:39  Zealot x3  
  112  9:40  Zealot x5  
  104  9:46  Probe  
  83  9:53  Zealot x2  
  83  9:56  Probe x2  
  81  10:02  Zealot x4  
Tags
 
Add a new tag
Caveats
  • Supply blocks, unpowered buildings, or Contaminate may cause inaccurate times.
  • Supply counts are checked every 10 seconds.